 Dungeon Sprint DCSS version 0.23.0 (webtiles) character file.

Game seed: 4196532424684043170

72055 Kairos the Peltast (level 15, -5/124 (125) HPs)
             Began as a Formicid Fighter on Feb 12, 2019.
             Was the Champion of Qazlal.
             Killed from afar by a hellion (41 damage)
             ... with damnation
             ... in the Dungeon (Sprint V: "Ziggurat Sprint").
             The game lasted 00:23:55 (2462 turns).

Kairos the Peltast (Formicid Fighter)               Turns: 2462, Time: 00:23:55

HP:   -5/124 (125)  AC: 41    Str: 42    XL:     15   Next: 84%
MP:   18/26         EV:  7    Int: 10    God:    Qazlal [******]
Gold: 0             SH: 48    Dex: 10    Spells: 15/15 levels left

rFire    . . .     SeeInvis +   j - +9 demon whip (protect)
rCold    . . .     Gourm    .   H - +18 shield of the Gong {rElec rN+ MR+ EV-5}
rNeg     + . .     Faith    .   G - +15 Maxwell's patent armour {-Cast -Tele rElec MR+ rCorr}
rPois    .         Spirit   .   (helmet unavailable)
rElec    +         Reflect  +   (no cloak)
rCorr    +         Harm     .   L - +1 pair of gloves {archery}
MR       +++..     NoCast   +   (no boots)
Stlth    ..........             t - +4 amulet of reflection
HPRegen  0.30/turn              C - +6 ring of strength
MPRegen  0.20/turn              D - +6 ring of strength

@: mighty, protection aura, studying 2 skills, repel missiles
A: permanent stasis, dig shafts and tunnels, four strong arms, antennae 3,
blurry vision 1, frail 1
a: Dig, Upheaval, Elemental Force, Disaster Area, Renounce Religion


You were in the Dungeon.
You worshipped Qazlal.
Qazlal was exalted by your worship.
You were not hungry.

You visited 1 branch

Inventory:

Hand Weapons
 c - a +5 executioner's axe of freezing
 j - a +9 demon whip of protection (weapon)
 E - the +9 heavy crossbow "Sniper" {velocity, Acc+∞ SInv}
   (You found it in the Dungeon)

   Any bolt fired from it inflicts extra damage.
   It lets you see invisible.
 F - the +14 obsidian axe {chop, +Fly SInv *Curse}
   (You found it in the Dungeon)

   It inflicts extra damage upon your enemies.
   It lets you see invisible.
   It lets you fly.
   It curses itself when equipped.
 I - the +7 great mace "Firestarter" {inner flame, rF++}
   (You found it in the Dungeon)

   It has been specially enchanted to burn those struck by it, causing extra
   injury to most foes and up to half again as much damage against particularly
   susceptible opponents.
   It greatly protects you from fire.
 J - the +8 lance "Wyrmbane" {slay drac, rPois rF+ rC+ AC+3}
   (You found it in the Dungeon)

   It affects your AC (+3).
   It protects you from fire.
   It protects you from cold.
   It protects you from poison.
 N - the +4 morningstar "Gogosyclu" {drain, *Noise rF++ Str+7}
   (You found it in the Dungeon)

   A truly terrible weapon, it drains the life of those it strikes.
   It affects your strength (+7).
   It greatly protects you from fire.
   It may make noises in combat.
Missiles
 h - 1160 bolts
Armour
 a - +5 gold dragon scales
 G - the +15 Maxwell's patent armour (worn) {-Cast -Tele rElec MR+ rCorr}
   (You found it in the Dungeon)

   It insulates you from electricity.
   It affects your resistance to hostile enchantments.
   It prevents spellcasting.
   It prevents most forms of teleportation.
   It provides partial protection from all sources of acid and corrosion.
 H - the +18 shield of the Gong (worn) {rElec rN+ MR+ EV-5}
   (You found it in the Dungeon)

   It affects your evasion (-5).
   It insulates you from electricity.
   It protects you from negative energy.
   It affects your resistance to hostile enchantments.
 L - a +1 pair of gloves of archery (worn)
 O - a +2 large shield of resistance
Jewellery
 b - an uncursed ring of positive energy
 t - a +4 amulet of reflection (around neck)
 C - a +6 ring of strength (left hand)
 D - a +6 ring of strength (right hand)
 K - the ring of Ecaocodi {Wiz rElec}
   (You found it in the Dungeon)

   [ring of wizardry]

   It improves your spell success rate.
   It insulates you from electricity.
 M - an uncursed ring of protection from cold
 T - the ring "Ygar" {rCorr *Slow rPois Str+2 SInv}
   (You found it in the Dungeon)

   [ring of resist corrosion]

   It affects your strength (+2).
   It protects you from poison.
   It lets you see invisible.
   It may slow you when you take damage.
 V - a +2 ring of evasion
Wands
 v - a wand of disintegration (7)
 w - a wand of iceblast (7)
 x - a wand of acid (7)
Scrolls
 k - 4 scrolls of amnesia
 l - 7 scrolls of fog
 m - a scroll of holy word
 n - 5 scrolls of identify
 o - 4 scrolls of remove curse
 p - 2 scrolls of fear
 y - 4 scrolls of enchant armour
 B - a scroll of brand weapon
Potions
 d - 4 potions of might
 e - 7 potions of curing
 g - 9 potions of heal wounds
 i - 7 potions of magic
 q - 2 potions of brilliance
 r - 2 potions of invisibility
 s - 4 potions of resistance
 u - 3 potions of agility
Books
 U - a manual of Dodging
 W - a manual of Throwing
Miscellaneous
 z - a fan of gales
 A - a fan of gales
 P - 3 phantom mirrors
 Q - a fan of gales
 S - 2 boxes of beasts
Comestibles
 f - 6 rations
 R - a chunk of flesh


   Skills:
 + Level 19.0 Fighting
 + Level 20.2(21.5) Axes
 - Level 14.0(18.7) Maces & Flails
 + Level 0.9 Crossbows
 + Level 14.2 Armour
 + Level 6.1 Dodging
 - Level 1.0 Stealth
 - Level 20.9 Shields
 + Level 0.9 Spellcasting
 * Level 14.7 Invocations
 + Level 1.0 Evocations


You had 15 spell levels left.
You didn't know any spells.
Your spell library contained the following spells:

 Spells                   Type           Power        Failure   Level  Hunger
 Confusing Touch          Hex            #.....       77%         1    ##.....
 Corona                   Hex            #......      77%         1    ##.....
 Flame Tongue             Conj/Fire      #....        77%         1    ##.....
 Infusion                 Chrm           #...         77%         1    ##.....
 Magic Dart               Conj           #...         77%         1    ##.....
 Call Imp                 Summ           #.......     88%         2    ###....
 Corpse Rot               Necr           N/A          88%         2    ###....
 Ensorcelled Hibernation  Hex/Ice        #.....       88%         2    ###....
 Passwall                 Tmut/Erth      #.......     88%         2    ###....
 Poisonous Vapours        Pois/Air       #.....       88%         2    ###....
 Searing Ray              Conj           #.....       88%         2    ###....
 Shroud of Golubria       Chrm/Tloc      #.........   88%         2    ###....
 Slow                     Hex            #.......     88%         2    ###....
 Song of Slaying          Chrm           #.......     88%         2    ###....
 Sublimation of Blood     Necr           #.........   88%         2    ###....
 Swiftness                Chrm/Air       #.......     88%         2    ###....
 Throw Flame              Conj/Fire      #.....       88%         2    ###....
 Confuse                  Hex            #.......     98%         3    ####...
 Conjure Flame            Conj/Fire      #.......     98%         3    ####...
 Dazzling Spray           Conj/Hex       #.....       98%         3    ####...
 Gell's Gravitas          Tloc           #.........   98%         3    ####...
 Inner Flame              Hex/Fire       #.......     98%         3    ####...
 Lesser Beckoning         Tloc           #.........   98%         3    ####...
 Mephitic Cloud           Conj/Pois/Air  #.......     98%         3    ####...
 Regeneration             Chrm/Necr      #.........   98%         3    ####...
 Teleport Other           Tloc           #.......     98%         3    ####...
 Tukima's Dance           Hex            #.......     98%         3    ####...
 Force Lance              Conj/Tloc      #.......     100%        4    #####..
 Fulminant Prism          Conj/Hex       #.........   100%        4    #####..
 Ice Form                 Ice/Tmut       #.......     100%        4    #####..
 Iskenderun's Mystic Bla  Conj           #.......     100%        4    #####..
 Leda's Liquefaction      Hex/Erth       #.........   100%        4    #####..
 Olgreb's Toxic Radiance  Pois           #.......     100%        4    #####..
 Petrify                  Tmut/Erth      #.......     100%        4    #####..
 Sticky Flame             Conj/Fire      #.......     100%        4    #####..
 Summon Lightning Spire   Summ/Air       #.......     100%        4    #####..
 Agony                    Necr           #.......     100%        5    ######.
 Bolt of Draining         Conj/Necr      #.........   100%        5    ######.
 Bolt of Magma            Conj/Fire/Erth #.........   100%        5    ######.
 Borgnjor's Vile Clutch   Necr/Erth      #.........   100%        5    ######.
 Dispel Undead            Necr           #.......     100%        5    ######.
 Excruciating Wounds      Chrm/Necr      #.........   100%        5    ######.
 Fireball                 Conj/Fire      #.........   100%        5    ######.
 Metabolic Englaciation   Hex/Ice        #.........   100%        5    ######.
 Silence                  Hex/Air        #.........   100%        5    ######.
 Summon Forest            Summ/Tloc      #.........   100%        5    ######.
 Yara's Violent Unravell  Hex/Tmut       #.........   100%        5    ######.
 Bolt of Cold             Conj/Ice       #.........   100%        6    #######
 Conjure Ball Lightning   Conj/Air       #.........   100%        6    #######
 Deflect Missiles         Chrm/Air       #.........   100%        6    #######
 Freezing Cloud           Conj/Ice/Air   #.........   100%        6    #######
 Iron Shot                Conj/Erth      #.........   100%        6    #######
 Ozocubu's Refrigeration  Ice            #.........   100%        6    #######
 Simulacrum               Ice/Necr       #.........   100%        6    #######
 Statue Form              Tmut/Erth      #........    100%        6    #######
 Malign Gateway           Summ/Tloc      #.........   100%        7    #######
 Monstrous Menagerie      Summ           #.........   100%        7    #######
 Ring of Flames           Chrm/Fire      #.........   100%        7    #######
 Summon Greater Demon     Summ           #.........   100%        7    #######
 Summon Horrible Things   Summ           #.........   100%        8    #######
 Shatter                  Erth           #.........   100%        9    #######
 Tornado                  Air            #.........   100%        9    #######
 Blink                    Tloc           Unusable     N/A         2    N/A
 Controlled Blink         Tloc           Unusable     N/A         8    N/A

Dungeon Overview and Level Annotations

Branches:
Dungeon (1/1)

Altars:
Ashenzari
Cheibriados
Dithmenos
Elyvilon
Fedhas
Gozag
Hepliaklqana
Kikubaaqudgha
Makhleb
Nemelex Xobeh
Okawaru
Qazlal
Ru
Sif Muna
Trog
Uskayaw
Vehumet
Wu Jian
Xom
Yredelemnul
Zin
The Shining One
Beogh
Jiyva
Lugonu


Innate Abilities, Weirdness & Mutations

You cannot be hasted, slowed, berserked, paralysed or teleported.
You can dig through walls and to a lower floor.
Your four strong arms can wield two-handed weapons with a shield.
You have a pair of large antennae on your head. (SInv)
Scrolls take you a little longer to read.
You are frail. (-10% HP)


Message History

The wraith is heavily damaged.
The wraith is flash-frozen.
Qazlal accepts your kill.
You feel a bit more experienced.
The blast of magma engulfs the wraith!!
You destroy the wraith!
Qazlal accepts your kill. You block the bat skeleton's attack.
GONNNNG!
The hellion gestures at you.
The sphere of damnation explodes!
The damnation engulfs you!!
* * * LOW HITPOINT WARNING * * *
The damnation engulfs the hellion.
The hellion completely resists.
The damnation engulfs the bat skeleton!!
The bat skeleton is destroyed!
A tormentor comes into view.
You thrash the hellion!!
The hellion is heavily wounded.
The hellion gestures at you.
The sphere of damnation explodes!
The damnation engulfs you!!!
You die...

).....}..._▓▓.. ▓....
).....=...8▓▓..{ { .... ▓....
...?..|..._▓▓..{..{..2≈.... ▓....
[..!......8▓▓≈{.{.{.W≈≈.... ▓..▓.
[.<......._▓▓.2{{{...≈≈... ▓)▓▓▓
..........8▓▓.≈ .......▓ ▓).▓.
.........._▓▓§.▓▓▓§2...▓▓ .▓5...
8_8_8_8_8_8▓▓.§.▓.○.....▓...▓....
▓▓▓▓▓▓▓▓▓▓▓▓▓.☼.@2..........▓▓▓▓▓
▓.§§.○..©≈≈≈....▓....


{{{{{{{{{ ▓▓▓▓▓▓▓▓▓▓▓▓▓▓▓▓▓.... ▓...} {{{{{{{{{{{ ▓.... {{{{{{{{{{{ ▓.... {{{
▓.... ▓.... ▓.... You could see 2 hellions, a tormentor and a wraith.

Vanquished Creatures
  A thorn hunter (D)
  2 azure jellies (D)
  An iron dragon (D)
  A stone giant (D)
  5 very ugly things (D)
  2 apis (D)
  A crystal guardian (D)
  A merfolk javelineer (D)
  4 death oozes (D)
  3 yaktaur captains (D)
  2 naga warriors (D)
  2 centaur warriors (D)
  2 spriggan air magi (D)
  A shambling mangrove (D)
  3 spriggan berserkers (D)
  A two-headed ogre (shapeshifter) (D)
  5 iron golems (D)
  A deep elf knight (D)
  A deep elf archer (D)
  A lindwurm (shapeshifter) (D)
  2 shining eyes (D)
  A faun (shapeshifter) (D)
  An oklob plant (D)
  3 cyclopes (D)
  A faun (D)
  A manticore (shapeshifter) (D)
  A cyclops (shapeshifter) (D)
  A deep elf mage (D)
  A moth of wrath (shapeshifter) (D)
  3 black mambas (D)
  2 naga magi (D)
  A torpor snail (shapeshifter) (D)
  A spiny frog (D)
  2 gargoyles (D)
  A guardian serpent (shapeshifter) (D)
  A komodo dragon (D)
  A freezing wraith (D)
  A yaktaur (shapeshifter) (D)
  5 yaktaurs (D)
  A queen bee (shapeshifter) (D)
  2 merfolk (shapeshifter) (D)
  3 hornets (D)
  3 merfolk (D)
  A wind drake (shapeshifter) (D)
  A slime creature (shapeshifter) (D)
  3 slime creatures (D)
  A dream sheep (shapeshifter) (D)
  3 hippogriffs (D)
  A flying skull (D)
  A yak (shapeshifter) (D)
  2 wraiths (D)
  A wyvern (shapeshifter) (D)
  A fire elemental (D)
  A chaos spawn (D)
  3 neqoxecs (D)
  2 water moccasins (D)
  2 floating eyes (shapeshifter) (D)
  4 hell hounds (D)
  4 necrophages (D)
  2 black bears (shapeshifter) (D)
  2 ice beasts (D)
  3 wolves (D)
  A phantom (D)
  4 centaurs (D)
  A bullfrog (D)
  5 earth elementals (D)
  2 wights (D)
  2 crimson imps (D)
  A quasit (D)
  4 orc wizards (D)
  An orc priest (D)
  An iron imp (D)
  A jelly (D)
  A shadow imp (D)
  A white imp (D)
  3 oozes (D)
  5 adder skeletons (D)
  An adder zombie (D)
  4 bat skeletons (D)
  3 bat zombies (D)
  A ball python (D)
  A ball python simulacrum (D)
  A ball python zombie (D)
  3 giant cockroach zombies (D)
  2 jackal skeletons (D)
  3 leopard gecko skeletons (D)
  2 quokka skeletons (D)
  A quokka zombie (D)
172 creatures vanquished.

Vanquished Creatures (collateral kills)
  An iron golem (D)
1 creature vanquished.

Vanquished Creatures (others)
  3 deep elf master archers (D)
  A spatial maelstrom (D)
  A centaur (D)
  A bat skeleton (D)
6 creatures vanquished.

Grand Total: 179 creatures vanquished

Notes
Turn   | Place    | Note
-------+----------+-------------------------------------------
     0 | D        | Found the +6 Majin-Bo {vamp, Archmagi MP+6 Int+6}
     0 | D        | Found the +7 great mace "Firestarter" {inner flame, rF++}
     0 | D        | Kairos the Formicid Fighter began the quest for the Orb.
     0 | D        | Reached XP level 1. HP: 18/18 MP: 1/1
    11 | D        | Banished a spatial maelstrom
    19 | D        | Found a blossoming altar of Fedhas.
    21 | D        | Found a viscous altar of Jiyva.
    21 | D        | Found a hazy altar of Hepliaklqana.
    21 | D        | Found a transporter.
    21 | D        | Found an opulent altar of Gozag.
    21 | D        | Found an ancient bone altar of Kikubaaqudgha.
    21 | D        | Found a corrupted altar of Lugonu.
    34 | D        | Found a burning altar of Makhleb.
    35 | D        | Found an iron altar of Okawaru.
    35 | D        | Found a stormy altar of Qazlal.
    35 | D        | Found a sparkling altar of Nemelex Xobeh.
    35 | D        | Found a sacrificial altar of Ru.
    35 | D        | Found a deep blue altar of Sif Muna.
    37 | D        | Found a bloodstained altar of Trog.
    63 | D        | Found the +9 heavy crossbow "Sniper" {velocity, Acc+∞ SInv}
    63 | D        | Found the +10 dark maul {crush}
    63 | D        | Found the +15 Maxwell's patent armour {-Cast -Tele rElec
                  | MR+ rCorr}
    63 | D        | Found the +18 shield of the Gong {rElec rN+ MR+ EV-5}
    63 | D        | Found the cursed +14 obsidian axe {chop, +Fly SInv *Curse}
    65 | D        | Found the +6 shillelagh "Devastator" {shatter}
    65 | D        | Found the +11 plutonium sword {*Contam Stlth-}
    65 | D        | Found the +8 lance "Wyrmbane" {slay drac, rPois rF+ rC+
                  | AC+3}
    65 | D        | Found the +9 sword of Zonguldrok {reap}
    65 | D        | Found the cursed +13 scythe of Curses {drain, *Curse}
    65 | D        | Found the +0 sword of Power
    65 | D        | Found the +7 mace of Variability {chain chaos}
    65 | D        | Found the +7 Singing Sword {slice, sonic wave}
    65 | D        | Found the +7 longbow "Piercer" {penet, EV-2}
    82 | D        | Became a worshipper of Qazlal Stormbringer
   137 | D        | Entered arena 2.
   137 | D        | Noticed an ice beast
   137 | D        | Found a transporter.
   143 | D        | Killed an ice beast
   143 | D        | Reached XP level 2. HP: 28/28 MP: 2/2
   143 | D        | Reached XP level 3. HP: 34/34 MP: 3/3
   143 | D        | Reached XP level 4. HP: 40/40 MP: 4/4
   152 | D        | Entered arena 3.
   152 | D        | Noticed a yaktaur
   152 | D        | Noticed a yaktaur
   152 | D        | Noticed a centaur
   152 | D        | Found a transporter.
   160 | D        | Killed a yaktaur
   160 | D        | Reached * piety under Qazlal
   160 | D        | Reached XP level 5. HP: 41/49 MP: 5/5
   160 | D        | Reached XP level 6. HP: 47/56 MP: 6/6
   161 | D        | Reached skill level 10 in Shields
   161 | D        | Reached XP level 7. HP: 54/63 MP: 7/7
   166 | D        | Killed a yaktaur
   186 | D        | Entered arena 4.
   186 | D        | Noticed a chaos spawn
   186 | D        | Found a transporter.
   191 | D        | Killed a chaos spawn
   191 | D        | Reached ** piety under Qazlal
   191 | D        | Reached skill level 5 in Axes
   191 | D        | Reached skill level 5 in Maces & Flails
   191 | D        | Reached XP level 8. HP: 66/71 MP: 8/8
   208 | D        | Reached *** piety under Qazlal
   227 | D        | Entered arena 5.
   227 | D        | Noticed a deep elf mage
   227 | D        | Noticed a fire elemental
   227 | D        | Noticed a deep elf archer
   227 | D        | Noticed a deep elf knight
   227 | D        | Found a transporter.
   231 | D        | Killed a fire elemental
   231 | D        | Reached skill level 10 in Armour
   234 | D        | Noticed a red devil
   234 | D        | Killed a deep elf mage
   234 | D        | Reached skill level 10 in Fighting
   240 | D        | Killed a deep elf knight
   240 | D        | Reached XP level 9. HP: 70/79 MP: 9/9
   247 | D        | Killed a deep elf archer
   247 | D        | Reached **** piety under Qazlal
   247 | D        | Reached skill level 1 in Dodging
   247 | D        | Reached skill level 1 in Stealth
   265 | D        | Entered arena 6.
   265 | D        | Found a transporter.
   274 | D        | Reached ***** piety under Qazlal
   280 | D        | Got the ring of Ecaocodi {Wiz rElec}
   294 | D        | Entered arena 7.
   294 | D        | Noticed a hippogriff
   294 | D        | Noticed a komodo dragon
   294 | D        | Noticed a spiny frog
   295 | D        | Found a transporter.
   303 | D        | Killed a komodo dragon
   303 | D        | Reached XP level 10. HP: 78/86 MP: 10/10
   305 | D        | Killed a spiny frog
   305 | D        | Reached skill level 10 in Maces & Flails
   305 | D        | Reached skill level 15 in Shields
   321 | D        | Got the Grimoire of Poisoning and the Voyage
   326 | D        | Got the Tome of Feathery Heat
   331 | D        | Entered arena 8.
   333 | D        | Found a transporter.
   344 | D        | Reached ****** piety under Qazlal
   352 | D        | Got the +4 morningstar "Gogosyclu" {drain, *Noise rF++
                  | Str+7}
   358 | D        | Entered arena 9.
   379 | D        | Found a transporter.
   415 | D        | Entered arena 10.
   416 | D        | Found a transporter.
   452 | D        | Entered arena 11.
   453 | D        | Found a transporter.
   480 | D        | Entered arena 12.
   480 | D        | Noticed a black mamba
   480 | D        | Noticed a naga mage
   480 | D        | Noticed a naga mage
   480 | D        | Noticed a naga warrior
   481 | D        | Noticed a naga warrior
   481 | D        | Noticed a black mamba
   481 | D        | Noticed a black mamba
   482 | D        | Found a transporter.
   486 | D        | Killed a black mamba
   486 | D        | Reached skill level 10 in Axes
   486 | D        | Reached XP level 11. HP: 83/93 MP: 11/11
   504 | D        | Killed a naga warrior
   512 | D        | Killed a naga warrior
   713 | D        | Entered arena 13.
   713 | D        | Noticed a shining eye
   713 | D        | Noticed a mana viper
   713 | D        | Noticed a two-headed ogre
   713 | D        | Noticed a cyclops
   713 | D        | Noticed a deep troll
   713 | D        | Noticed a shining eye
   714 | D        | a deep troll changed into an eye of devastation
   717 | D        | Noticed a lindwurm
   717 | D        | a two-headed ogre changed into a floating eye
   717 | D        | a cyclops changed into a wind drake
   717 | D        | a mana viper changed into a dream sheep
   725 | D        | Noticed an elephant
   725 | D        | a dream sheep changed into an elephant
   732 | D        | a lindwurm changed into a yaktaur
   732 | D        | Gained mutation: You are frail. (-10% HP) [a shining eye]
   734 | D        | Noticed a glowing shapeshifter
   734 | D        | an elephant changed into a glowing shapeshifter
   736 | D        | Killed a shining eye
   736 | D        | Noticed a lindwurm
   736 | D        | a yaktaur changed into a lindwurm
   736 | D        | a glowing shapeshifter changed into a torpor snail
   738 | D        | Noticed a wolf spider
   738 | D        | a torpor snail changed into a wolf spider
   739 | D        | Killed a lindwurm
   742 | D        | Noticed a manticore
   742 | D        | a jumping spider changed into a manticore
   743 | D        | Noticed a faun
   744 | D        | Killed a shining eye
   750 | D        | Killed a faun
   754 | D        | Reached XP level 12. HP: 92/92 MP: 0/12
   766 | D        | Found a transporter.
   912 | D        | Entered arena 14.
   912 | D        | Noticed a spriggan air mage
   912 | D        | Noticed a spriggan berserker
   912 | D        | Noticed an apis
   912 | D        | Noticed a spriggan berserker
   912 | D        | Noticed a spriggan berserker
   913 | D        | Noticed a spriggan air mage
   913 | D        | Noticed an apis
   914 | D        | Noticed a shambling mangrove
   922 | D        | Noticed a thorn hunter
   927 | D        | Killed an apis
   931 | D        | Killed a spriggan air mage
   935 | D        | Killed a spriggan berserker
   938 | D        | Killed a spriggan berserker
   943 | D        | Killed a spriggan berserker
   946 | D        | Reached skill level 5 in Invocations
   949 | D        | Killed a spriggan air mage
   960 | D        | Killed a thorn hunter
   961 | D        | Killed an apis
   974 | D        | Killed a shambling mangrove
   974 | D        | Reached XP level 13. HP: 63/99 MP: 12/18
   995 | D        | Found a transporter.
  1225 | D        | Entered arena 15.
  1225 | D        | Noticed an azure jelly
  1225 | D        | Noticed a death ooze
  1226 | D        | Noticed an azure jelly
  1226 | D        | Noticed a death ooze
  1226 | D        | Noticed a death ooze
  1226 | D        | Noticed a death ooze
  1239 | D        | Killed an azure jelly
  1240 | D        | Killed a death ooze
  1242 | D        | Killed a death ooze
  1245 | D        | Killed a death ooze
  1252 | D        | Killed a death ooze
  1259 | D        | Killed an azure jelly
  1259 | D        | Reached skill level 15 in Fighting
  1259 | D        | Reached skill level 10 in Invocations
  1263 | D        | Found a transporter.
  1518 | D        | Got Sif Muna's Compendium of the Boosting Traveller
  1645 | D        | Entered arena 16.
  1671 | D        | Found a transporter.
  1688 | D        | Got the cursed ring of Trepidation {rElec AC-5 Int+3 SInv}
  1701 | D        | Got Sif Muna's Guide on Captivating Stones
  1733 | D        | Entered arena 17.
  1748 | D        | Noticed a crystal guardian
  1766 | D        | Killed a crystal guardian
  1801 | D        | Reached skill level 15 in Axes
  1801 | D        | Reached skill level 1 in Evocations
  1801 | D        | Reached XP level 14. HP: 77/110 MP: 22/22
  1803 | D        | Reached skill level 5 in Dodging
  1810 | D        | Noticed an iron dragon
  1823 | D        | Killed an iron dragon
  1848 | D        | Found a transporter.
  2132 | D        | Entered arena 18.
  2144 | D        | Noticed a deep elf master archer
  2145 | D        | Noticed a deep elf master archer
  2149 | D        | Reached XP level 15. HP: 117/117 MP: 19/24
  2149 | D        | Noticed a stone giant
  2155 | D        | Killed a stone giant
  2159 | D        | Killed a deep elf master archer
  2168 | D        | Killed a deep elf master archer
  2173 | D        | Noticed a deep elf master archer
  2175 | D        | Killed a deep elf master archer
  2251 | D        | Found a transporter.
  2324 | D        | Entered arena 19.
  2326 | D        | Noticed a cyan very ugly thing
  2326 | D        | Noticed a purple very ugly thing
  2327 | D        | Noticed a white very ugly thing
  2327 | D        | Noticed a purple very ugly thing
  2329 | D        | Gained mutation: Scrolls take you a little longer to read.
                  | [a shining eye]
  2331 | D        | Noticed a green very ugly thing
  2345 | D        | Killed a white very ugly thing
  2354 | D        | Killed a purple very ugly thing
  2358 | D        | Killed a green very ugly thing
  2362 | D        | Killed a purple very ugly thing
  2366 | D        | Killed a purple very ugly thing
  2377 | D        | Found a transporter.
  2389 | D        | Got the ring "Ygar" {rCorr *Slow rPois Str+2 SInv}
  2443 | D        | Entered arena 20.
  2462 | D        | Killed from afar by a hellion

Skill      XL: |  1  2  3  4  5  6  7  8  9 10 11 12 13 14 15 |
---------------+----------------------------------------------+-----
Fighting       | 6 8 9 10 11 12 13 15 16 19 | 19.0
Axes           | 3 4 5 7 8 10 11 13 15 16 20 | 20.2
Armour         | 6 8 9 10 11 12 13 14 | 14.2
Shields        | 6 9 10 11 13 14 16 19 20 | 20.9
Maces & Flails | 3 5 8 9 12 13 14 | 14.0
Dodging        | 1 2 3 4 5 6 |  6.1
Stealth        | 1 |  1.0
Invocations    | 7 11 12 14 | 14.7
Evocations     | 1 |  1.0
Crossbows      | |  0.9
Spellcasting   | |  0.9

Action                   |  1- 3 |  4- 6 |  7- 9 | 10-12 | 13-15 || total
-------------------------+-------+-------+-------+-------+-------++-------
Melee: Demon whip        |     5 |     5 |    56 |   206 |   239 ||   511
       Broad axe         |       |       |       |       |    43 ||    43
Invok: Upheaval          |       |       |       |     1 |     2 ||     3
       Elemental Force   |       |       |       |       |     1 ||     1
       Disaster Area     |       |       |       |       |     2 ||     2
  Use: Scroll            |       |       |     4 |       |     3 ||     7
       Potion            |       |       |       |     6 |     3 ||     9
 Stab: Distracted        |       |       |       |       |     1 ||     1
  Eat: Chunk             |       |       |       |       |     2 ||     2
       Ration            |       |       |       |       |     1 ||     1
Armor: Plate armour      |     7 |     4 |    28 |    52 |    63 ||   154
Dodge: Dodged            |     1 |       |     1 |    17 |    16 ||    35
       Deflected         |       |       |       |     1 |     1 ||     2
Block: Shield            |     7 |    21 |    77 |   277 |   309 ||   691
       Reflection        |       |       |       |       |    15 ||    15
